 Dungeon Crawl Stone Soup version 0.22.1-5-g62c59d919a (webtiles) character file.

545 Onimusha1133 the Shield-Bearer (level 7, -11/43 HPs)
             Began as a Gargoyle Fighter on Jan 11, 2019.
             Was a Follower of Dithmenos.
             Mangled by an ogre
             ... wielding a +0 giant club
              (25 damage)
             ... on level 4 of the Dungeon.
             The game lasted 00:47:11 (3839 turns).

Onimusha1133 the Shield-Bearer (Gargoyle Fighter)   Turns: 3839, Time: 00:47:12

Health: -11/43     AC: 16    Str: 21    XL:     7   Next: 27%
Magic:  16/16      EV:  6    Int: 15    God:    Dithmenos [*.....]
Gold:   214        SH:  9    Dex:  9    Spells: 6/6 levels left

rFire    . . .     SeeInvis .   A - +0 mace
rCold    . . .     Gourm    .   c - +0 shield
rNeg     + . .     Faith    .   F - +0 chain mail
rPois    ∞         Spirit   .   (no helmet)
rElec    +         Reflect  .   (no cloak)
rCorr    .         Harm     .   m - +0 pair of gloves
MR       .....                  D - +0 pair of boots
Stlth    ..........             (no amulet)
HPRegen  0.14/turn              n - ring of magical power
MPRegen  0.15/turn              t - +6 ring of intelligence

@: wreathed by umbra
A: negative energy resistance 1, electricity resistance, unbreathing,
petrification resistance, rot immunity, AC +4
a: Renounce Religion


You were on level 4 of the Dungeon.
You worshipped Dithmenos.
Dithmenos was aware of your devotion.
You were not hungry.

You visited 1 branch of the dungeon, and saw 5 of its levels.

You collected 214 gold pieces.

Inventory:

Hand Weapons
 w - a +0 hunting sling
 A - a +0 mace (weapon)
Missiles
 u - 17 sling bullets
 B - 20 stones (quivered)
Armour
 c - a +0 shield (worn)
 m - a +0 pair of gloves (worn)
 D - a +0 pair of boots (worn)
 F - a +0 chain mail (worn)
Jewellery
 n - a ring of magical power (left hand)
 o - a +5 ring of intelligence
 t - a +6 ring of intelligence (right hand)
Scrolls
 b - a scroll of enchant armour {unknown}
 e - 9 scrolls of identify {unknown}
 f - 2 scrolls of enchant weapon {unknown}
 g - 2 scrolls of remove curse {unknown}
 h - 3 scrolls of amnesia {unknown}
 j - a scroll of random uselessness {unknown}
 k - 3 scrolls of magic mapping {unknown}
 p - a scroll of fog {unknown}
 q - a scroll of immolation {unknown}
 s - a scroll of fear {unknown}
 v - 3 scrolls of teleportation {unknown}
Potions
 d - a potion of might
 i - a potion of heal wounds {unknown}
 l - 4 potions of curing {unknown}
 r - a potion of flight {unknown}
 x - a potion of cancellation {unknown}
 z - a potion of degeneration {unknown}
 C - a potion of mutation {unknown}
 E - a potion of agility {unknown}
Comestibles
 y - 5 rations


   Skills:
 + Level 4.2 Fighting
 + Level 4.6 Maces & Flails
 + Level 2.0 Slings
 + Level 4.6 Armour
 + Level 0.9 Dodging
 + Level 1.1 Stealth
 + Level 5.0 Shields


You had 6 spell levels left.
You didn't know any spells.
Your spell library was empty.

Dungeon Overview and Level Annotations

Branches:
Dungeon (5/15)             Temple (0/1) D:5

Altars:
Dithmenos
Elyvilon
Gozag
Trog
The Shining One


Innate Abilities, Weirdness & Mutations

You are resistant to torment.
Your stone body is resilient. (AC +4)
You are immune to poison.
You resist negative energy. (rN+)
You are resistant to electric shocks. (rElec)
You can survive without breathing.
You are immune to petrification.
You are immune to rotting.


Message History

You block the ogre's attack.
You sock the ogre!
The ogre is moderately wounded.
You block the howler monkey's attack. The ogre hits you with a giant club!
The howler monkey hits you.
You hit the ogre.
The ogre is moderately wounded.
You block the howler monkey's attack. The ogre hits you but does no damage.
The howler monkey completely misses you.
You block the ogre's attack.
You climb downwards.
There is a stone staircase leading up here.
You block the howler monkey's attack. x2
You climb upwards.
There is a stone staircase leading down here.
You hit the ogre but do no damage.
The ogre is moderately wounded.
The ogre hits you with a giant club!!
Ouch! That really hurt!
You die...

########## #.....#
#........#######.....#
#........##......[...#
#.>......##..........#
#.....<..##..)..#..###
#..÷.....#......#.## ..#
#..÷.....#......#.# #.#
#.(......h......#.# #.#
#......O@########.# #
#.######......## #.#
..##...##...####..## #)####
#....#.#....# ##..######....#
####.......######......[...###
..........†........#......##
.........#########........#
#[.##.......# #####.##.#
#......###.... #.##.#


You could see an ogre and a howler monkey.

Vanquished Creatures
  An ogre (D:4)
  2 centaurs (D:5)
  A crimson imp (D:5)
  A bullfrog skeleton (D:5)
  An iguana (D:5)
  2 worker ants (D:5)
  A worker ant zombie (D:5)
  8 adders
  2 worms
  A dart slug (D:1)
  2 leopard geckos (D:5)
  7 orcs
  6 bats
  A giant cockroach (D:2)
  6 hobgoblins
  3 jackals
  7 kobolds
  3 quokkas
  4 frilled lizards
  9 goblins
  10 rats
78 creatures vanquished.

Notes
Turn   | Place    | Note
-------+----------+-------------------------------------------
     0 | D:1      | Onimusha1133 the Gargoyle Fighter began the quest for the
                  | Orb.
     0 | D:1      | Reached XP level 1. HP: 14/14 MP: 1/1
   189 | D:1      | Reached XP level 2. HP: 19/19 MP: 2/2
  1105 | D:2      | Reached XP level 3. HP: 12/23 MP: 3/3
  1265 | D:2      | Reached skill level 1 in Stealth
  1446 | D:2      | Reached XP level 4. HP: 29/29 MP: 4/4
  1484 | D:2      | Reached skill level 4 in Shields
  1858 | D:2      | Found a shadowy altar of Dithmenos.
  1871 | D:2      | Became a worshipper of Dithmenos the Shadowed
  2469 | D:3      | Found a white marble altar of Elyvilon.
  2581 | D:3      | Found an opulent altar of Gozag.
  2645 | D:3      | Found a glowing golden altar of the Shining One.
  2645 | D:3      | Found a bloodstained altar of Trog.
  2661 | D:3      | Reached XP level 5. HP: 26/33 MP: 5/5
  2792 | D:3      | You fall through a shaft for 2 floors!
  2792 | D:5      | Entered Level 5 of the Dungeon
  2802 | D:5      | Noticed a centaur
  2815 | D:5      | Noticed a centaur
  2817 | D:5      | Killed a centaur
  2817 | D:5      | Reached skill level 1 in Slings
  2828 | D:5      | Found a staircase to the Ecumenical Temple.
  2857 | D:5      | Killed a centaur
  2857 | D:5      | Reached XP level 6. HP: 9/38 MP: 6/6
  2879 | D:5      | Reached * piety under Dithmenos
  3513 | D:4      | Reached XP level 7. HP: 31/43 MP: 7/7
  3702 | D:5      | Reached skill level 5 in Shields
  3839 | D:4      | Mangled by an ogre

Skill      XL: |  1  2  3  4  5  6  7 |
---------------+----------------------+-----
Stealth        | 1 |  1.1
Shields        | 4 5 |  5.0
Maces & Flails | 3 4 |  4.6
Fighting       | 4 |  4.2
Slings         | 1 2 |  2.0
Armour         | 4 |  4.6
Dodging        | |  0.9

Action                   |  1- 3 |  4- 6 |  7- 9 || total
-------------------------+-------+-------+-------++-------
Melee: Flail             |   126 |    80 |       ||   206
       Hunting sling     |       |    22 |       ||    22
       Mace              |       |   115 |    68 ||   183
 Fire: Hunting sling     |       |    54 |     5 ||    59
  Eat: Ration            |     1 |     2 |       ||     3
Armor: Scale mail        |    71 |   118 |       ||   189
       Chain mail        |       |    14 |    25 ||    39
Dodge: Dodged            |    40 |    80 |    20 ||   140
Block: Shield            |    64 |   123 |    34 ||   221
